 Dungeon Crawl Stone Soup version 0.27-a0-1200-g94dc6ad4cf (webtiles) character file.

Game seed: 14284309899241047320

5866 zezblit the Cleaver (level 10, -1/70 HPs)
             Began as a Demonspawn Abyssal Knight on June 1, 2021.
             Was an Elder of Lugonu.
             Slain by a two-headed ogre
             ... wielding a +0 giant club
              (6 damage)
             ... on level 11 of the Dungeon.
             The game lasted 01:05:09 (16527 turns).

zezblit the Cleaver (Demonspawn Abyssal Knight)    Turns: 16527, Time: 01:05:09

Health: -1/70      AC: 15    Str: 16    XL:     10   Next: 52%
Magic:  11/11      EV:  9    Int: 19    God:    Lugonu [****..]
Gold:   208        SH:  9    Dex: 13    Spells: 9/9 levels left

rFire    + . .     SeeInvis .   i - +1 war axe
rCold    . . .     Faith    .   v - +0 kite shield
rNeg     . . .     Spirit   .   s - +4 scale mail
rPois    .         Reflect  .   u - +0 helmet
rElec    .         Harm     .   (no cloak)
rCorr    .         Rampage  .   z - +0 pair of gloves
Will     .....                  g - +0 pair of boots
Stlth    ..........             w - amulet of the acrobat
HPRegen  0.21/turn              n - ring of protection from fire
MPRegen  0.12/turn              (no ring)

@: about to teleport, marked
A: claws 2, demonic guardian 2, big brain 3
a: Renounce Religion, Depart the Abyss, Bend Space, Banish, Corrupt


You were on level 11 of the Dungeon.
You worshipped Lugonu.
Lugonu was greatly pleased with you.
You visited 2 branches of the dungeon, and saw 12 of its levels.
You visited the Abyss 1 time.

You collected 558 gold pieces.
You spent 350 gold pieces at shops.

Inventory:

Hand Weapons
 i - a +1 war axe (weapon)
 m - a +1 short sword of venom
 q - a +1 halberd of protection
 r - the +6 hunting sling of Dithmenos's Vengeance {flame, rC++ Str+4}
   (You found it on level 8 of the Dungeon)

   It causes projectiles fired from it to burn those they strike, causing extra
   injury to most foes and up to half again as much damage against particularly
   susceptible opponents.
   It affects your strength (+4).
   It greatly protects you from cold.
 A - a +2 flail of holy wrath
Missiles
 e - 7 javelins
 h - 36 poisoned darts
 E - a boomerang of dispersal (quivered)
 F - a curare-tipped dart
Armour
 g - a +0 pair of boots (worn)
 s - a +4 scale mail (worn)
 u - a +0 helmet (worn)
 v - a +0 kite shield (worn)
 y - a +0 chain mail
 z - a +0 pair of gloves (worn)
Magical Staves
 t - a staff of earth
 x - a staff of fire
Jewellery
 f - a ring of wizardry
 n - a ring of protection from fire (left hand)
 w - an amulet of the acrobat (around neck)
Wands
 o - a wand of digging (7)
 D - a wand of paralysis (4)
Scrolls
 l - a scroll of blinking
 B - a scroll of magic mapping
 C - a scroll of enchant weapon
 G - a scroll of enchant armour
 H - a scroll of teleportation
 I - a scroll of identify
 K - a scroll of amnesia
Potions
 a - 3 potions of brilliance
 b - 4 potions of attraction {unknown}
 c - a potion of mutation {unknown}
 d - a potion of curing
 j - 2 potions of haste
 k - a potion of heal wounds
 p - a potion of flight {unknown}
 J - a potion of lignification {unknown}


   Skills:
 - Level 3.1 Fighting
 * Level 11.4 Axes
 + Level 6.8 Armour
 + Level 4.1 Dodging
 + Level 4.2 Shields
 - Level 2.4 Invocations


You had 9 spell levels left.
You didn't know any spells.
Your spell library contained the following spells:

 Spells                   Type           Power      Damage    Failure   Level
 Animate Skeleton         Necr           0%         N/A       67%         1
 Apportation              Tloc           0%         N/A       67%         1
 Corona                   Hex            0%         N/A       67%         1
 Magic Dart               Conj           0%         1d3       67%         1
 Summon Small Mammal      Summ           0%         N/A       67%         1
 Call Imp                 Summ           0%         N/A       80%         2
 Poisonous Vapours        Pois/Air       0%         N/A       80%         2
 Searing Ray              Conj           0%         3d3       80%         2
 Call Canine Familiar     Summ           0%         N/A       95%         3
 Confusing Touch          Hex            0%         N/A       95%         3
 Conjure Flame            Conj/Fire      0%         6-21      95%         3
 Dazzling Flash           Conj/Hex       0%         N/A       95%         3
 Gell's Gravitas          Tloc           0%         N/A       95%         3
 Mephitic Cloud           Conj/Pois/Air  0%         N/A       95%         3
 Summon Guardian Golem    Hex/Summ       0%         N/A       95%         3
 Fulminant Prism          Conj/Hex       0%         3d6       100%        4
 Iskenderun's Mystic Bla  Conj/Tloc      0%         2d3       100%        4
 Petrify                  Tmut/Erth      0%         N/A       100%        4
 Summon Ice Beast         Ice/Summ       0%         N/A       100%        4
 Summon Lightning Spire   Summ/Air       0%         N/A       100%        4
 Metabolic Englaciation   Hex/Ice        0%         N/A       100%        5
 Yara's Violent Unravell  Hex/Tmut       0%         3d3       100%        5
 Freezing Cloud           Conj/Ice/Air   0%         6-21      100%        6


Dungeon Overview and Level Annotations

Branches:
Dungeon (11/15)            Temple (1/1) D:5            Lair (0/6) D:11
    Orc (0/2) D:10

Altars:
Ashenzari
Cheibriados
Dithmenos
Elyvilon
Fedhas
Gozag
Hepliaklqana
Kikubaaqudgha
Makhleb
Nemelex Xobeh
Okawaru
Qazlal
Ru
Sif Muna
Trog
Uskayaw
Vehumet
Wu Jian
Xom
Yredelemnul
Zin
The Shining One

Shops:
D:4 (   D:5 [   D:9 ([?[!

Annotations:
D:7 Psyche
D:11 exclusion: oklob plant


Innate Abilities, Weirdness & Mutations

You have very sharp fingernails.
A demonic guardian rushes to your aid.
You have an absolutely massive brain. (Int +6, Wiz)


Message History

The gargoyle hurls a stone arrow at you.
The stone arrow hits your orange demon!
Your orange demon stings the gargoyle but does no damage.
Your orange demon hits the gargoyle but does no damage.
An orc and an orc wizard come into view.
The orc wizard points at you and mumbles some strange words.
The magic dart hits you.
An orc wizard comes into view. It is wielding a +0 dagger.
An orc warrior comes into view. It is wielding a +0 vorpal war axe.
A cyclops comes into view.
The deep elf pyromancer casts a spell.
The deep elf pyromancer blinks!
The gargoyle hits something with a +0 mace!!
The gargoyle hits your orange demon with a +0 mace.
The deep elf pyromancer points at you and mumbles some strange words.
The bolt of fire hits you! You resist.
The cyclops throws a large rock.
The large rock barely misses you.
The two-headed ogre hits you with a +0 giant club.
The two-headed ogre completely misses you.
The deep elf pyromancer gestures at you while chanting.
The bolt of fire misses you.
Your orange demon stings the deep elf pyromancer.
Your orange demon barely misses the deep elf pyromancer.
You slash the cyclops!
The cyclops is moderately wounded.
You hit the two-headed ogre.
The gargoyle hits your orange demon with a +0 mace!
The two-headed ogre hits you with a +0 giant club!
* * * LOW HITPOINT WARNING * * *
The two-headed ogre hits you but does no damage.
Okay, then.
As you read the scroll of teleportation, it crumbles to dust.
You feel strangely unstable.
The orc wizard points at you and mumbles some strange words.
The magic dart hits you.
* * * LOW HITPOINT WARNING * * *
The cyclops hits you!
* * * LOW HITPOINT WARNING * * *
The two-headed ogre hits you with a +0 giant club.
You die...

.....#..#...#,.#,******
.....#.##P..##.#,,,,,,***
...$.#...PPPP..#,,,,,,,,#
...[.#≈.9P>PP.≈#****,,,.#
..####,..PPPP..# *,,..#
..****,*#...##.# *,...#
..,,,#..#.9D#..#####....#
,,,,,.#...≈.9.#e........#
,,,,.....###..4o@C......#****
,,,,.........o.O######...,,,*
****#.........oo# *,,,,,,* *
*...#####..o# *,,***** *
*..,* #...# *,,* *****,,,*
#...# *,,* ,,,,,,,,*
#...#*****,,* ,,,,,,,,*
#....,,,,,,,* ,,,,,,,,*
#.....,,,,,,*


You could see a five-headed hydra, a two-headed ogre, a cyclops (ally target), a
deep elf pyromancer, an orc warrior, 2 gargoyles, 3 orc wizards, an orc and a
friendly orange demon (summoned).

Vanquished Creatures
  A troll (D:8)
  A steam dragon (D:9)
  Grum (D:9)
  A water moccasin (D:8)
  2 orc warriors (D:9)
  3 ice beasts
  A sky beast (D:6)
  A necrophage (D:5)
  An ogre (D:5)
  2 wolves (D:9)
  2 centaurs
  4 phantoms
  3 kobold brigands (D:8)
  5 bullfrogs
  2 scorpions
  2 water moccasin skeletons (D:6)
  5 wights (D:7)
  A howler monkey (D:5)
  2 centaur zombies
  2 jellies (D:7)
  3 hounds
  2 orc priests
  2 bullfrog skeletons
  2 centaur skeletons
  3 iguanas
  Jessica (D:3)
  11 orc wizards
  2 killer bee zombies
  A hound skeleton (D:2)
  A hound zombie (D:5)
  A howler monkey zombie (D:8)
  5 gnolls
  5 adders
  2 shadow imps
  A white imp (D:8)
  An ufetubus (D:6)
  An adder skeleton (D:4)
  2 worms (D:2)
  A dart slug (D:3)
  30 orcs
  4 ball pythons
  3 bats
  9 endoplasms
  A giant cockroach (D:4)
  3 goblins
  7 hobgoblins
  3 jackals (D:2)
  3 quokkas
  A frilled lizard (D:1)
  11 kobolds
  4 rats
168 creatures vanquished.

Vanquished Creatures (collateral kills)
  2 two-headed ogres (D:9)
  2 trolls
  A shadow (D:9)
  A steam dragon (D:7)
  3 ogres
  A necrophage (D:5)
  6 killer bees (D:7)
  2 wights (D:7)
  A jelly (D:5)
  An orc priest (D:10)
  A gnoll shaman (D:7)
  An orc wizard (D:5)
22 creatures vanquished.

Vanquished Creatures (others)
  A plant (D:11)
1 creature vanquished.

Grand Total: 191 creatures vanquished

Notes
Turn   | Place    | Note
-------+----------+-------------------------------------------
     0 | Abyss:1  | zezblit the Demonspawn Abyssal Knight began the quest for
                  | the Orb.
     0 | Abyss:1  | Reached XP level 1. HP: 18/18 MP: 2/2
     7 | D:1      | Escaped the Abyss
   312 | D:1      | Reached skill level 1 in Dodging
   488 | D:1      | Reached skill level 2 in Axes
   526 | D:1      | Gained mutation: You have sharp fingernails. [demonic
                  | ancestry]
   526 | D:1      | Reached XP level 2. HP: 23/24 MP: 3/3
  1257 | D:2      | Reached XP level 3. HP: 24/29 MP: 4/4
  1374 | D:2      | Reached skill level 3 in Axes
  1880 | D:2      | Found a faded altar of an unknown god.
  1976 | D:2      | Gained mutation: A weak demonic guardian rushes to your
                  | aid. [demonic ancestry]
  1976 | D:2      | Reached XP level 4. HP: 17/35 MP: 5/5
  2760 | D:3      | Noticed Jessica
  2770 | D:3      | Killed Jessica
  2969 | D:4      | Noticed an ogre
  2975 | D:4      | HP: 1/35 [ogre/+0 giant spiked club (24)]
  2977 | D:4      | Killed an ogre
  2978 | D:4      | Reached skill level 4 in Axes
  2978 | D:4      | Gained mutation: You have very sharp fingernails. [demonic
                  | ancestry]
  2978 | D:4      | Reached XP level 5. HP: 1/41 MP: 6/6
  3062 | D:4      | Noticed a phantom
  3309 | D:4      | Reached ** piety under Lugonu
  3409 | D:4      | Reached skill level 5 in Axes
  3418 | D:4      | Gained mutation: You have an unusually large brain. (Int
                  | +2) [demonic ancestry]
  3418 | D:4      | Reached XP level 6. HP: 31/47 MP: 7/7
  3433 | D:5      | Entered Level 5 of the Dungeon
  3544 | D:4      | Found Karosata's Weapon Shoppe.
  4316 | D:4      | HP: 2/47 [ogre/+0 giant club (28)]
  4793 | D:5      | Reached skill level 6 in Axes
  5386 | D:5      | Gained mutation: You have an extremely huge brain. (Int +4)
                  | [demonic ancestry]
  5386 | D:5      | Reached XP level 7. HP: 23/52 MP: 8/8
  5584 | D:5      | Found Bijau's Armour Emporium.
  5589 | D:5      | Bought a +0 helmet for 58 gold pieces
  5589 | D:5      | Bought a +0 kite shield for 58 gold pieces
  6230 | D:5      | Reached skill level 7 in Axes
  6403 | D:5      | Found a staircase to the Ecumenical Temple.
  6415 | Temple   | Entered the Ecumenical Temple
  7141 | D:5      | Gained mutation: A demonic guardian rushes to your aid.
                  | [demonic ancestry]
  7141 | D:5      | Reached XP level 8. HP: 23/58 MP: 9/9
  7692 | D:6      | Reached skill level 1 in Shields
  7793 | D:6      | Reached skill level 8 in Axes
  8930 | D:7      | Reached skill level 9 in Axes
  9188 | D:7      | Reached XP level 9. HP: 31/62 MP: 10/10
  9499 | D:7      | Reached skill level 5 in Armour
 10050 | D:7      | Found a shimmering blue altar of Sif Muna.
 10073 | D:8      | Noticed Psyche
 10077 | D:7      | Reached *** piety under Lugonu
 11287 | D:8      | Identified the +6 hunting sling of Dithmenos's Vengeance
                  | {flame, rC++ Str+4}
 11529 | D:8      | Noticed a troll
 11557 | D:8      | Reached skill level 10 in Axes
 11561 | D:8      | Killed a troll
 12816 | D:9      | Gained mutation: You have an absolutely massive brain. (Int
                  | +6, Wiz) [demonic ancestry]
 12816 | D:9      | Reached XP level 10. HP: 63/70 MP: 11/11
 12869 | D:9      | Found Jecedy's Distillery.
 12874 | D:9      | Bought a potion of heal wounds for 60 gold pieces
 12876 | D:9      | Noticed a two-headed ogre
 12894 | D:9      | Killed a two-headed ogre
 13694 | D:9      | Found Xuthretia's Antique Armour Emporium.
 13713 | D:9      | Reached skill level 11 in Axes
 13745 | D:10     | Entered Level 10 of the Dungeon
 13800 | D:9      | Found Idat's Antique Armour Boutique.
 13865 | D:9      | Noticed a two-headed ogre
 13886 | D:9      | Killed a two-headed ogre
 14110 | D:9      | Found Feussic's Weapon Boutique.
 14362 | D:9      | You fall into a shaft and drop 2 floors!
 14369 | D:11     | Noticed a five-headed hydra
 14425 | D:11     | Noticed a gargoyle
 14450 | D:11     | Noticed a gargoyle
 14827 | D:9      | Found Rilasani's Magic Scroll Shop.
 14831 | D:9      | Bought a scroll of enchant armour for 97 gold pieces
 14831 | D:9      | Bought a scroll of teleportation for 39 gold pieces
 14831 | D:9      | Bought a scroll of identify for 26 gold pieces
 14840 | D:9      | Noticed Grum
 14860 | D:9      | Killed Grum
 15692 | D:9      | Bought a potion of degeneration for 12 gold pieces
 16071 | D:10     | Found a staircase to the Orcish Mines.
 16076 | D:10     | Reached **** piety under Lugonu
 16514 | D:11     | Found a staircase to the Lair.
 16517 | D:11     | Noticed an oklob plant
 16519 | D:11     | Noticed a two-headed ogre
 16519 | D:11     | Noticed a deep elf pyromancer
 16521 | D:11     | Noticed a cyclops
 16527 | D:11     | Slain by a two-headed ogre

Illustrated notes

Levels and vault maps discovered:
D:1:      wander_arrival_peaceful_grave, layout_basic, minmay_tetromino_t2
D:2:      layout_basic, chequers_ecumenical_altar_simple
D:3:      layout_loops_cross, uniq_jessica
D:4:      layout_cave_pools, serial_shops, shop
D:5:      layout_basic, minmay_temple_entry_slanted, serial_shops,
          nicolae_shop_stone, roderic_serpentine_path
D:6:      layout_loops_ring, chequers_serial_rivers_marsh
D:7:      layout_loops_ring, nicolae_sif_muna_little_library, st_stairs_8
D:8:      layout_basic, roderic_three_in_a_row, kennysheep_flooded_box,
          serial_park_tiny_2, minmay_puff, uniq_psyche
D:9:      layout_stronghold, serial_shops, shop, kennysheep_little_box, shop,
          shop_statue, nicolae_shop_trees, kennysheep_nub, uniq_grum
D:10:     layout_rooms, david_orc_2
D:11:     layout_small_grid, dpeg_oklobed_lair, serial_shops,
          nicolae_shop_waterfront
Temple:   kilobyte_greek_temple

Skill      XL: |  1  2  3  4  5  6  7  8  9 10 |
---------------+-------------------------------+-----
Dodging        | 1 2 3 4 |  4.1
Axes           | 2 3 4 5 6 7 9 10 11 | 11.4
Armour         | 2 3 4 6 |  6.8
Shields        | 1 3 4 |  4.2
Fighting       | |  3.1
Invocations    | |  2.4

Action                   |  1- 3 |  4- 6 |  7- 9 | 10-12 || total
-------------------------+-------+-------+-------+-------++-------
Melee: Hand axe          |    91 |     5 |       |       ||    96
       War axe           |       |   190 |   516 |   160 ||   866
Throw: Javelin           |     2 |     8 |       |       ||    10
       Boomerang         |       |       |       |     1 ||     1
Evoke: Wand              |       |     1 |       |       ||     1
  Use: Scroll            |     3 |     3 |     5 |     4 ||    15
       Potion            |       |       |     2 |     4 ||     6
 Stab: Sleeping          |     1 |       |       |       ||     1
       Distracted        |       |     1 |     1 |       ||     2
Armor: Leather armour    |    31 |       |       |       ||    31
       Scale mail        |       |    90 |   346 |    86 ||   522
Dodge: Dodged            |    50 |    93 |   177 |    75 ||   395
Block: Kite shield       |       |       |   205 |    89 ||   294

Table legend: (Time is in decaauts)
 A = Elapsed time spent in this place.
 B = Non-inter-level travel time spent in this place.
 C = Inter-level travel time spent in this place.
 D = Time resting spent in this place.
 E = Time spent auto-exploring this place.
 F = Levels seen in this place.
 G = Mean time per level.
                   A        B        C        D        E       F      G
               +--------+--------+--------+--------+--------+-----+--------+
         Total |  16832 |  16360 |    472 |   7705 |   5566 |  13 | 1294.8 |
       Dungeon |  16650 |  16214 |    436 |   7705 |   5429 |  11 | 1513.6 |
        Temple |    174 |    138 |     36 |      0 |    137 |   1 |  174.0 |
         Abyss |      7 |      7 |      0 |      0 |      0 |   1 |    7.0 |
               +--------+--------+--------+--------+--------+-----+--------+

Top non-repeatable levels by time:
     D:9: 2845 daAuts
     D:5: 2666 daAuts
     D:7: 1997 daAuts
     D:4: 1921 daAuts
     D:6: 1653 daAuts
     D:8: 1629 daAuts
     D:1: 1222 daAuts
     D:2: 1128 daAuts
    D:10: 836 daAuts
     D:3: 630 daAuts
  Temple: 174 daAuts
    D:11: 120 daAuts
 Abyss:1: 7 daAuts
